 Dungeon Crawl Stone Soup version 0.28.0 (webtiles) character file.

Game seed: 13916799771375674603

116 RepoMan the Magician (level 4, 0/30 HPs)
             Began as a Mummy Fire Elementalist on Feb 8, 2022.
             Slain by Ijyb (1 damage)
             ... on level 2 of the Dungeon.
             The game lasted 00:11:58 (2907 turns).

RepoMan the Magician (Mummy Fire Elementalist)      Turns: 2907, Time: 00:11:58

Health: 0/30       AC:  4    Str: 11    XL:     4   Next: 69%
Magic:  7/9        EV: 12    Int: 16    God:
Gold:   90         SH:  0    Dex: 12    Spells: 4/10 levels left

rFire   x . .      SeeInvis .   (no weapon)
rCold   + . .      Faith    .   (no shield)
rNeg    + + +      Spirit   .   a - +0 robe
rPois   ∞          Reflect  .   i - +1 helmet
rElec   .          Harm     .   (no cloak)
rCorr   .          Rampage  .   (no gloves)
Will    .....                   (no boots)
Stlth   +.........              (no amulet)
HPRegen 0.10/turn               (no ring)
MPRegen 0.11/turn               (no ring)

@: confused
A: cold resistance 1, negative energy resistance 3, torment resistance 2, heat
vulnerability 1, no potions
a: no special abilities


You were on level 2 of the Dungeon.
You visited 1 branch of the dungeon, and saw 3 of its levels.

You collected 90 gold pieces.

Inventory:

Armour
 a - a +0 robe (worn)
 i - a +1 helmet (worn)
Magical Staves
 h - a staff of cold
Scrolls
 b - a scroll of fear
 c - 2 scrolls of enchant armour {unknown}
 d - 2 scrolls of teleportation {unknown}
 e - 2 scrolls of identify {unknown}
 f - a scroll of amnesia {unknown}
 g - a scroll of noise {unknown}


   Skills:
 - Level 1.5 Dodging
 - Level 1.5 Stealth
 + Level 3.8 Spellcasting
 + Level 1.9 Conjurations
 * Level 3.6 Fire Magic


You had 4 spell levels left.
You knew the following spells:

 Your Spells              Type           Power      Damage    Failure   Level
c - Conjure Flame         Conj/Fire      12%        6-21      16%         3
f - Foxfire               Conj/Fire      48%        2x1d6     5%          1
r - Scorch                Fire           28%        2d6       6%          2

Your spell library contained the following spells:

 Spells                   Type           Power      Damage    Failure   Level
 Inner Flame              Hex/Fire       8%         N/A       24%         3
 Flame Wave               Conj/Fire      12%        2d6       47%         4


Dungeon Overview and Level Annotations

Branches:
Dungeon (3/15)

Altars:

Annotations:
D:2 Grinder, Ijyb


Innate Abilities, Weirdness & Mutations

You are immune to poison.
Your flesh is cold resistant. (rC+)
You are immune to negative energy. (rN+++)
You are immune to unholy pain and torment.
You are vulnerable to heat. (rF-)
You do not drink.


Message History

Ijyb hits you with a +0 dagger. Ijyb hits you but does no damage.
Grinder blinks!
Ijyb hits you but does no damage. Ijyb barely misses you.
You hit Ijyb but do no damage.
Ijyb is moderately wounded.
Ijyb hits you but does no damage.
You hit Ijyb.
Ijyb is heavily wounded.
Ijyb screams, "Me stronger than you!" Ijyb hits you but does no damage.
You closely miss Ijyb.
Ijyb is heavily wounded.
Grinder barely misses you.
Ijyb zaps a wand.
You resist with some effort.
You bump into the rock wall.
Grinder misses you.
Ijyb drinks a potion.
Ijyb is healed!
You bump into the rock wall.
You feel less confused. Grinder hits you.
* * * LOW HITPOINT WARNING * * *
Ijyb hits you with a +0 dagger.
* * * LOW HITPOINT WARNING * * *
As you read the scroll labelled SONUUCWAOM, it crumbles to dust.
You assume a fearsome visage.
Ijyb looks frightened!
Grinder looks frightened!
It was a scroll of fear.
Grinder blinks!
Grinder blinks!
Ijyb zaps a wand.
Your will is overpowered!
You are confused.
Unknown command.
You are too confused!
Unknown command.
You are too confused!
You hit Ijyb but do no damage.
Your attack snaps Ijyb out of her fear.
Ijyb is moderately wounded.
Ijyb hits you with a +0 dagger.
* * * LOW HITPOINT WARNING * * *
You barely miss Ijyb.
Ijyb is moderately wounded.
Ijyb hits you with a +0 dagger.
You die...

##..#.##########
....#......†...#
##..#.########.#
#...........#.#
#..##.#.......#
#..##...###.#######
#..###### #.#..)>>#
##..########.#(###.####
#..........#..).@g....#
#.#.######.#...########
....#..........#
####...#.......#
...#...#.#.#...#
##.#...#<#.#...#
##.#...#.#.....#
...#...#.#.....#
####..........####


You could see Ijyb.

Vanquished Creatures
  Robin (D:2)
  5 adders
  A worm (D:2)
  A dart slug (D:2)
  4 bats
  5 endoplasms
  A giant cockroach (D:1)
  10 goblins
  2 hobgoblins
  4 jackals (D:2)
  2 quokkas
  7 ball pythons
  A frilled lizard (D:1)
  3 kobolds
  9 rats
  A spectral kobold (D:1)
57 creatures vanquished.

Vanquished Creatures (others)
  162 foxfires
162 creatures vanquished.

Grand Total: 219 creatures vanquished

Notes
Turn   | Place    | Note
-------+----------+-------------------------------------------
     0 | D:1      | RepoMan the Mummy Fire Elementalist began the quest for the
                  | Orb.
     0 | D:1      | Reached XP level 1. HP: 13/13 MP: 4/4
   178 | D:1      | Reached skill level 1 in Conjurations
   309 | D:1      | Reached XP level 2. HP: 19/19 MP: 3/5
   437 | D:1      | Learned a level 2 spell: Scorch
   694 | D:1      | Found a faded altar of an unknown god.
  1115 | D:2      | Reached XP level 3. HP: 18/24 MP: 3/7
  1831 | D:2      | Reached XP level 4. HP: 30/30 MP: 5/9
  1835 | D:2      | Learned a level 3 spell: Conjure Flame
  2433 | D:3      | Noticed Grinder
  2453 | D:3      | Noticed Robin
  2563 | D:2      | Killed Robin
  2871 | D:3      | Paralysed by Grinder for 6 turns
  2873 | D:3      | Noticed Ijyb
  2906 | D:2      | HP: 1/30 [Ijyb (3)]
  2907 | D:2      | Slain by Ijyb

Illustrated notes

Levels and vault maps discovered:
D:1:      scummos_arrival_checkerplants, layout_loops_cross,
          dreamdust_ecumenical_altar_drowned_temple
D:2:      layout_basic
D:3:      minmay_chambers_of_twos, layout_basic, uniq_grinder, uniq_ijyb,
          uniq_robin

Skill      XL: |  1  2 |
---------------+-------+-----
Conjurations   | 1 |  1.9
Spellcasting   | 3 |  3.8
Fire Magic     | 3 |  3.6
Dodging        | |  1.5
Stealth        | |  1.5

Action                   |  1- 3 |  4- 6 || total
-------------------------+-------+-------++-------
Melee: Unarmed           |     1 |     5 ||     6
 Cast: Foxfire           |    72 |    24 ||    96
       Scorch            |       |     7 ||     7
  Use: Scroll            |       |     1 ||     1
Armor: Robe              |     4 |    15 ||    19
Dodge: Dodged            |    20 |    31 ||    51
